 Dungeon Crawl Stone Soup version 0.21-a0-164-g4aaa757 (webtiles) character file.

279638 Helio the Imperceptible (level 19, -1/102 HPs)
             Began as a Spriggan Enchanter on Aug 5, 2017.
             Was the Champion of Dithmenos.
             Slain by a vault warden
             ... wielding a +0 dire flail
              (26 damage)
             ... on level 2 of the Vaults on Aug 6, 2017.
             The game lasted 02:35:11 (56436 turns).

Helio the Imperceptible (Spriggan Enchanter)       Turns: 56436, Time: 02:35:12

Health: -1/102     AC: 14    Str: 11    XL:     19   Next: 66%
Magic:  17/40      EV: 39    Int: 27    God:    Dithmenos [******]
Gold:   507        SH:  4    Dex: 16    Spells: 7/51 levels left

rFire    + . .     SeeInvis +   m - +8 dagger (elec)
rCold    + + .     Gourm    .   (shield restricted)
rNeg     . . .     Faith    .   b - +2 robe {rC+ rF+}
rPois    .         Spirit   .   g - +2 hat
rElec    .         Reflect  .   Y - +2 cloak {+Inv}
rCorr    .         Harm     .   (gloves unavailable)
MR       ++++.                  (boots unavailable)
Stlth    ++++++++++             V - amulet of Umpusub {+Rage rC+ Int+3}
HPRegen  0.27/turn              H - +5 ring of evasion
MPRegen  0.27/turn              k - +5 ring of protection

@: slightly contaminated, wreathed by umbra, deflect missiles, very quick
A: unfitting armour, large bone plates 1, see invisible, clever 2, herbivore 3,
speed 3, magic resistance 1, slow metabolism 2, strong 1
}: 2/15 runes: decaying, gossamer
a: Shadow Step, Shadow Form, Renounce Religion, Evoke Berserk Rage, Evoke
Invisibility


You were on level 2 of the Vaults.
You worshipped Dithmenos.
Dithmenos was exalted by your worship.
You were not hungry.

You visited 9 branches of the dungeon, and saw 36 of its levels.
You visited 1 bazaar.
You also visited: Ossuary, Ice Cave and Volcano.

You collected 3620 gold pieces.
You spent 3113 gold pieces at shops.

Inventory:

Hand Weapons
 m - a +8 dagger of electrocution (weapon)
 C - a +4 rapier of protection
 J - a +1 rapier of electrocution
Missiles
 K - a throwing net (quivered)
Armour
 b - a +2 robe of resistance (worn)
 g - a +2 hat (worn)
 Y - a +2 cloak of invisibility (worn)
Jewellery
 e - a +4 amulet of reflection
 h - a +3 ring of evasion
 k - a +5 ring of protection (right hand)
 p - a +3 ring of slaying
 v - an uncursed ring of poison resistance
 H - a +5 ring of evasion (left hand)
 V - the amulet of Umpusub (around neck) {+Rage rC+ Int+3}
   (You took it off a spriggan on level 3 of the Swamp)

   [amulet of rage]

   It affects your intelligence (+3).
   It protects you from cold.
   It lets you go berserk.
Wands
 c - a wand of iceblast (9/15)
 l - a wand of confusion (43/48)
 A - a wand of lightning (9/15)
 D - a wand of acid (4/15)
 F - a wand of digging (1/24)
 O - a wand of disintegration (9/24)
 Q - a wand of iceblast (8/15)
 S - a wand of iceblast (5/15)
 U - a wand of acid (4/15)
 X - a wand of paralysis (14/24)
Scrolls
 i - 3 scrolls of magic mapping
 o - 15 scrolls of remove curse
 u - 15 scrolls of recharging
 w - 2 scrolls of fear
 x - 17 scrolls of identify
 y - 5 scrolls of fog
 B - 2 scrolls of enchant armour
 G - 5 scrolls of teleportation
Potions
 f - 6 potions of flight
 j - 4 potions of cancellation
 n - 10 potions of agility
 q - 5 potions of haste
 s - a potion of resistance
 t - 3 potions of heal wounds
 z - 4 potions of mutation
 E - 7 potions of might
 I - 2 potions of lignification
 L - a potion of magic
 P - 4 potions of curing
 T - 4 potions of ambrosia
Books
 a - a book of Callings

   Spells                             Type                      Level
   a - Summon Small Mammal            Summoning                    1
   b - Call Imp                       Summoning                    2
   c - Call Canine Familiar           Summoning                    3
   d - Summon Guardian Golem          Hexes/Summoning              3
   e - Summon Lightning Spire         Summoning/Air                4
   f - Summon Ice Beast               Ice/Summoning                4
 W - a book of Enchantments

   Spells                             Type                      Level
   a - Cause Fear                     Hexes                        4
   b - Yara's Violent Unravelling     Hexes/Transmutation          5
   c - Silence                        Hexes/Air                    5
   d - Deflect Missiles               Charms/Air                   6
   e - Discord                        Hexes                        8
Miscellaneous
 r - a phantom mirror
 N - a lightning rod (4/4)
Comestibles
 d - 17 bread rations
 M - 13 royal jellies


   Skills:
 + Level 12.2 Fighting
 - Level 14.0 Short Blades
 + Level 19.1 Dodging
 + Level 22.8 Stealth
 + Level 16.9 Spellcasting
 + Level 17.1 Hexes
 + Level 9.0 Charms
 - Level 3.0 Air Magic
 - Level 8.0 Evocations


You had 7 spell levels left.
You knew the following spells:

 Your Spells              Type           Power        Failure   Level  Hunger
a - Ensorcelled Hibernat  Hex/Ice        ######       1%          2    None
b - Corona                Hex            #######      0%          1    None
c - Confuse               Hex            #######.     0%          3    None
d - Tukima's Dance        Hex            #######.     0%          3    None
e - Dazzling Spray        Conj/Hex       ######       1%          3    None
f - Blink                 Tloc           N/A          3%          2    None
g - Cause Fear            Hex            #######...   1%          4    None
h - Silence               Hex/Air        ######....   1%          5    None
i - Discord               Hex            #######...   12%         8    ######.
j - Deflect Missiles      Chrm/Air       ######....   26%         6    ###....
k - Summon Ice Beast      Ice/Summ       ###.....     21%         4    None
s - Spectral Weapon       Hex/Chrm       #######.     1%          3    None


Dungeon Overview and Level Annotations

Branches:
Dungeon (15/15)            Temple (1/1) D:5            Lair (6/6) D:10
  Swamp (4/4) Lair:2       Spider (4/4) Lair:3        Slime (0/5) Lair:5
    Orc (2/2) D:12            Elf (1/3) Orc:2        Vaults (2/5) D:13
  Crypt (0/3) Vaults:2     Depths (1/5) D:15

Altars:
Ashenzari
Cheibriados
Dithmenos
Elyvilon
Fedhas
Gozag
Hepliaklqana
Kikubaaqudgha
Makhleb
Nemelex Xobeh
Okawaru
Qazlal
Ru
Sif Muna
Trog
Uskayaw
Vehumet
Wu Jian
Xom
Yredelemnul
Zin
The Shining One

Shops:
D:6 :   D:12 [   D:14 :   Orc:2 }?!=   Vaults:1 [

Portals:
Pandemonium: Depths:1
Trove: Depths:1 (give +4 shadow dragon scales)


Innate Abilities, Weirdness & Mutations

You are very small and have problems with some larger weapons.
You are too small for most types of armour.
You have supernaturally acute eyesight. (SInv)
You are a herbivore.
You cover ground extremely quickly.
You need consume almost no food.
You are partially covered in large bone plates. (SH +4)
Your mind is very acute. (Int +4)
You are resistant to hostile enchantments. (MR+)
Your muscles are strong. (Str +2)


Message History

The vault warden barely misses you.
You closely miss the vault warden.
The vault warden is moderately wounded.
The runic seals fade away.
You hit the vault warden.
The vault warden is moderately wounded.
Your shadow completely misses the vault warden.
The vault warden hits you with an uncursed dire flail!!
* * * LOW HITPOINT WARNING * * *
You are too injured to fight recklessly!
You are too injured to fight recklessly!
You are too injured to fight recklessly!
Casting: Dazzling Spray
Confirm with . or Enter, or press ? or * to list all spells.
Aiming: Confuse
Press: ? - help, Shift-Dir - straight line, f - vault warden
Aim: a vault warden, wielding a dire flail, wearing a chain mail and wearing a ring of protection (black smoke, moderately wounded, umbra, chance to defeat MR: 53%)
The vault warden appears confused.
The vault warden hits you with an uncursed dire flail!!
You die...

#.... #.... #....####
#.......# #.......#
#....§§§#
#....§p§################
#....§§@+†.§§§§§)...'...
#....§§§+.(§§§§.....#.#.
#....§§§#############...
#......§# #... #.......#
#... #.......# #.#.
#....#### #... #....
#... #...


You could see a vault warden (confused).

Vanquished Creatures
  Sojobo (Depths:1)
  A lich (Vaults:1)
  An acid blob (Lair:5)
  Gastronok (D:8)
  An ancient champion (Vaults:2)
  2 sphinxes
  5 thorn hunters
  3 tengu reavers
  Kirke (D:14)
  2 storm dragons (Vaults:2)
  A frost giant (Vaults:2)
  2 fire giants
  2 ghost moths (Spider:4)
  Aizul (Vaults:2)
  9 emperor scorpions
  An orc warlord (Orc:2)
  6 stone giants
  4 ironheart preservers
  The ghost of WhatIsLove the Scorcher, a journeyman DEFE of Sif Muna (Swamp:1)
  The ghost of Manul the Archer, a journeyman DsMo of Gozag (D:15)
  4 entropy weavers
  2 very ugly things
  A deep elf annihilator (Vaults:2)
  A spark wasp (Spider:3)
  2 ettins
  2 deep elf death magi
  3 yaktaur captains (Vaults:2)
  The ghost of Manul the Nimble, a journeyman SpAK of Lugonu (Orc:2)
  4 ogre magi
  2 great orbs of eyes
  A fire dragon (Vaults:2)
  An ice dragon (Vaults:2)
  3 vault guards
  26 hydras
  A ghost crab (Swamp:2)
  2 rakshasas
  A catoblepas (Lair:6)
  10 alligators
  6 centaur warriors
  A death knight (D:13)
  2 deep troll shamans
  13 two-headed ogres
  2 deep troll earth magi (Vaults:1)
  4 orc high priests (Orc:2)
  8 death yaks
  A tengu warrior (D:14)
  A vampire mage (Vaults:2)
  Urug (Lair:4)
  A deep elf knight (Vaults:2)
  3 shadow wraiths
  An unseen horror (D:12)
  9 deep trolls
  7 skeletal warriors
  3 wizards
  10 swamp dragons
  2 glowing orange brains
  4 spriggan druids
  3 shambling mangroves
  An ironbrand convoker (Vaults:2)
  21 wolf spiders
  3 deep elf archers
  A glowing orange brain (shapeshifter) (Vaults:2)
  11 orc knights
  2 necromancers (Vaults:1)
  A wolf spider zombie (D:15)
  6 harpies (Vaults:2)
  8 orb spiders
  4 orc sorcerers
  18 ugly things
  7 deep elf magi
  8 cyclopes
  A tengu skeleton (Vaults:1)
  A manticore (D:15)
  3 moths of wrath
  A black mamba (shapeshifter) (Vaults:2)
  18 elephants
  2 vault sentinels (Vaults:2)
  5 black mambas
  A fire giant skeleton (Vaults:1)
  2 gargoyles
  17 spiny frogs
  A torpor snail (Spider:4)
  6 rime drakes
  9 komodo dragons
  An efreet (Volcano)
  2 ice devils (Lair:1)
  16 yaktaurs
  4 demonic crawlers
  A kobold demonologist (D:14)
  7 freezing wraiths
  10 trolls
  3 meliai (D:13)
  29 jumping spiders
  A tengu simulacrum (Vaults:1)
  8 polar bears
  A queen bee (Lair:1)
  Prince Ribbit (D:9)
  A meliai (shapeshifter) (Vaults:1)
  15 hornets
  An ettin zombie (Vaults:1)
  4 tyrant leeches
  9 blink frogs
  A harpy skeleton (D:15)
  A meliai zombie (D:14)
  2 human simulacra (Vaults:1)
  31 slime creatures
  9 hippogriffs
  10 bog bodies
  A centaur simulacrum (D:14)
  63 redbacks
  A vampire (D:15)
  2 shadows
  23 tarantellas
  2 tarantellas (shapeshifter)
  11 spriggans
  4 wyverns
  5 wraiths
  55 yaks
  The ghost of Voidvoid the Chopper, an amateur DDMo (D:3)
  A hungry ghost (D:14)
  3 basilisks
  A fire elemental (Volcano)
  Eustachio (D:4)
  A steam dragon (Lair:4)
  A yaktaur simulacrum (Vaults:2)
  19 vampire mosquitoes
  17 swamp worms
  3 wargs (Orc:2)
  6 insubstantial wisps (Swamp:1)
  2 acid dragons
  A soldier ant (shapeshifter) (D:13)
  9 water moccasins
  4 porcupines
  A deep troll skeleton (Vaults:1)
  2 sky beasts
  15 swamp drakes
  2 black bears
  5 phantoms
  38 orc warriors
  2 ice beasts
  An eye of draining (D:11)
  10 wolves
  2 necrophages
  16 centaurs
  24 ogres
  3 boggarts (D:14)
  19 crocodiles
  6 big kobolds
  17 bullfrogs
  A wyvern zombie (D:13)
  3 earth elementals (Volcano)
  A human skeleton (Vaults:1)
  12 scorpions
  A wyvern skeleton (D:13)
  25 wights
  19 killer bees (Lair:1)
  5 electric eels
  13 crimson imps
  7 centaur zombies
  A bullfrog zombie (D:13)
  A quasit (D:10)
  3 jellies
  23 orc priests
  4 human zombies
  40 orc wizards
  4 bullfrog skeletons
  7 centaur skeletons
  6 hounds
  6 iguanas
  Terence (D:3)
  9 worker ants
  5 hell rats (Lair:2)
  2 big kobold zombies (Ossuary)
  2 hound zombies
  A hound skeleton (D:4)
  2 mummies (Ossuary)
  A worker ant zombie (D:5)
  14 adders
  7 scorpion zombies (Ossuary)
  5 shadow imps
  2 oozes
  An adder skeleton (D:6)
  A worm (D:4)
  A dart slug (D:1)
  7 leopard geckos
  104 orcs
  9 giant cockroaches
  5 goblins
  10 hobgoblins
  8 jackals
  22 kobolds
  4 quokkas
  4 ball pythons
  3 bats
  6 frilled lizards
  A gnoll zombie (Ossuary)
  A goblin zombie (Ossuary)
  2 hobgoblin zombies (Ossuary)
  A jackal skeleton (D:6)
  A leopard gecko skeleton (D:6)
  A leopard gecko zombie (D:8)
  2 quokka skeletons
  11 rats
  A butterfly (Lair:3)
  2 plants
1362 creatures vanquished.

Vanquished Creatures (collateral kills)
  A lich (Vaults:2)
  An ironheart preserver (Vaults:1)
  A yaktaur captain (Vaults:2)
  2 vault guards (Vaults:2)
  4 two-headed ogres (Vaults:1)
  An ogre mage (Vaults:1)
  A deep troll shaman (Vaults:1)
  A dancing weapon (Vaults:1)
  A skeletal warrior (D:13)
  A deep troll (Vaults:1)
  An orc knight (Vaults:1)
  An orb spider (Spider:4)
  An orc sorcerer (Vaults:1)
  A vault sentinel (Vaults:2)
  5 redbacks (Spider:4)
  3 tarantellas
  2 orc warriors
  2 ogres (Vaults:1)
  An orc priest (Vaults:1)
  An orc wizard (D:7)
32 creatures vanquished.

Vanquished Creatures (others)
  Nikola (Vaults:1)
  A tengu reaver (Vaults:2)
  A war gargoyle (Vaults:1)
  A two-headed ogre (Vaults:1)
  2 vault guards (Vaults:2)
  2 yaktaur captains
  A dancing weapon (D:13)
  An ironbrand convoker (Vaults:2)
  A yaktaur (Vaults:1)
  A redback (Spider:4)
  A yak (IceCv)
  A wyvern (D:14)
  A mummy (Ossuary)
  2 orcs
  A goblin zombie (Ossuary)
  A hobgoblin zombie (Ossuary)
  2 briar patches (Swamp:1)
  13 fungi
  15 plants
49 creatures vanquished.

Grand Total: 1443 creatures vanquished

Notes
Turn   | Place    | Note
-------+----------+-------------------------------------------
     0 | D:1      | Helio the Spriggan Enchanter began the quest for the Orb.
     0 | D:1      | Reached XP level 1. HP: 9/9 MP: 5/5
   300 | D:1      | Reached XP level 2. HP: 13/13 MP: 7/7
   304 | D:1      | Learned a level 2 spell: Ensorcelled Hibernation
   973 | D:1      | Found a sparkling altar of Nemelex Xobeh.
  1077 | D:2      | Reached XP level 3. HP: 16/16 MP: 9/9
  1761 | D:2      | Gained mutation: You are weak. (Str -2) [potion of mutation]
  1761 | D:2      | Gained mutation: You are partially covered in rugged brown scales. (AC +1, +3% HP) [potion of mutation]
  1868 | D:2      | Reached XP level 4. HP: 21/21 MP: 11/11
  1957 | D:3      | Learned a level 3 spell: Confuse
  1961 | D:3      | Learned a level 3 spell: Tukima's Dance
  2088 | D:3      | Noticed Terence
  2091 | D:3      | Noticed Voidvoid's ghost (amateur DDMo)
  2098 | D:3      | Killed Terence
  2098 | D:3      | Reached skill level 5 in Hexes
  2623 | D:3      | Killed Voidvoid's ghost
  2623 | D:3      | Reached skill level 5 in Spellcasting
  2623 | D:3      | Reached XP level 5. HP: 24/24 MP: 1/14
  2950 | D:3      | Reached XP level 6. HP: 27/28 MP: 15/15
  3079 | D:3      | Learned a level 3 spell: Dazzling Spray
  3130 | D:3      | Reached skill level 5 in Stealth
  3515 | D:4      | Reached skill level 6 in Stealth
  3930 | D:4      | Noticed Eustachio
  3963 | D:4      | Killed Eustachio
  3963 | D:4      | Reached skill level 7 in Stealth
  4162 | D:4      | Reached skill level 8 in Stealth
  4162 | D:4      | Reached XP level 7. HP: 32/32 MP: 5/16
  4469 | D:4      | Noticed a moth of wrath
  4472 | D:4      | Found a bloodstained altar of Trog.
  4799 | D:5      | Entered Level 5 of the Dungeon
  4806 | D:5      | Reached skill level 9 in Stealth
  5088 | D:5      | Reached skill level 10 in Stealth
  5155 | D:5      | Reached skill level 11 in Stealth
  5578 | D:5      | Reached XP level 8. HP: 23/37 MP: 17/17
  5864 | D:5      | Found a staircase to the Ecumenical Temple.
  5873 | Temple   | Entered the Ecumenical Temple
  6014 | D:5      | Reached skill level 12 in Stealth
  6581 | D:6      | Found Peedegh's Book Emporium.
  6700 | D:6      | Found a sand-covered staircase.
  6704 | Ossuary  | Entered an ossuary
  6751 | Ossuary  | Reached skill level 13 in Stealth
  7263 | Ossuary  | Reached skill level 1 in Fighting
  7596 | Ossuary  | Lost mutation: You are weak. (Str -2) [potion of mutation]
  7596 | Ossuary  | Lost mutation: You are partially covered in rugged brown scales. (AC +1, +3% HP) [potion of mutation]
  7596 | Ossuary  | Gained mutation: You are agile. (Dex +2) [potion of mutation]
  7596 | Ossuary  | Gained mutation: You expend magic power (3 MP) to strengthen your wands. [potion of mutation]
  7596 | Ossuary  | Gained mutation: You are partially covered in iridescent scales. (AC +2) [potion of mutation]
  8330 | D:6      | Reached XP level 9. HP: 41/42 MP: 10/19
  8965 | D:6      | Found a shadowy altar of Dithmenos.
  8970 | D:6      | Became a worshipper of Dithmenos the Shadowed
  8980 | D:6      | Found a blossoming altar of Fedhas.
  9413 | D:7      | Reached skill level 5 in Dodging
  9557 | D:7      | Reached * piety under Dithmenos
 10027 | D:7      | Reached skill level 14 in Stealth
 10289 | D:8      | Noticed Gastronok
 10336 | D:8      | Killed Gastronok
 10336 | D:8      | Reached skill level 5 in Short Blades
 10336 | D:8      | Reached XP level 10. HP: 27/49 MP: 2/22
 10577 | D:8      | Found a hazy altar of Hepliaklqana.
 10716 | D:8      | Noticed a two-headed ogre
 10723 | D:8      | Killed a two-headed ogre
 10723 | D:8      | Reached ** piety under Dithmenos
 11387 | D:9      | Found a white marble altar of Elyvilon.
 11389 | D:9      | Found a sacrificial altar of Ru.
 11389 | D:9      | Found a glowing silver altar of Zin.
 11390 | D:9      | Found a shattered altar of Ashenzari.
 11390 | D:9      | Found an iron altar of Okawaru.
 11390 | D:9      | Found a basalt altar of Yredelemnul.
 11390 | D:9      | Found a burning altar of Makhleb.
 11391 | D:9      | Found a stormy altar of Qazlal.
 11707 | D:9      | Reached skill level 15 in Stealth
 11802 | D:9      | Reached *** piety under Dithmenos
 11876 | D:9      | Noticed Prince Ribbit
 11883 | D:9      | Killed Prince Ribbit
 12236 | D:9      | Found an opulent altar of Gozag.
 12554 | D:9      | Reached XP level 11. HP: 50/54 MP: 24/24
 12752 | D:10     | Entered Level 10 of the Dungeon
 13446 | D:10     | Noticed a two-headed ogre
 13449 | D:10     | Killed a two-headed ogre
 13618 | D:10     | Reached **** piety under Dithmenos
 13726 | D:10     | Found a staircase to the Lair.
 14535 | D:11     | Noticed a brown ugly thing
 14538 | D:11     | Killed a brown ugly thing
 14557 | D:11     | Noticed a seven-headed hydra
 14564 | D:11     | Killed a seven-headed hydra
 14564 | D:11     | Reached skill level 5 in Fighting
 14592 | D:11     | Noticed a two-headed ogre
 14612 | D:11     | Killed a two-headed ogre
 15062 | D:11     | Noticed a purple ugly thing
 15075 | D:11     | Killed a purple ugly thing
 15081 | D:11     | Reached skill level 10 in Hexes
 15277 | D:11     | Reached skill level 10 in Dodging
 15474 | D:12     | Found a staircase to the Orcish Mines.
 15508 | D:12     | Reached skill level 16 in Stealth
 15576 | D:12     | Found Laowkaku's Antique Armour Emporium.
 15926 | D:12     | Noticed an unseen horror
 15944 | D:12     | Reached skill level 10 in Spellcasting
 15955 | D:12     | Killed an unseen horror
 15955 | D:12     | Reached XP level 12. HP: 51/60 MP: 21/27
 16235 | D:12     | Noticed a two-headed ogre
 16246 | D:12     | Killed a two-headed ogre
 16351 | D:13     | Noticed a centaur warrior
 16355 | D:13     | Killed a centaur warrior
 16516 | D:13     | Noticed a two-headed ogre
 16529 | D:13     | Killed a two-headed ogre
 16571 | D:13     | Reached ***** piety under Dithmenos
 16798 | D:13     | Noticed a great orb of eyes
 16800 | D:13     | Found a gate to the Vaults.
 16800 | D:13     | Noticed a vault guard
 16809 | D:13     | Noticed a centaur warrior
 17074 | Orc:1    | Entered Level 1 of the Orcish Mines
 17630 | D:13     | Noticed a death knight
 17634 | D:13     | Killed a death knight
 17964 | Lair:1   | Entered Level 1 of the Lair of Beasts
 18333 | Lair:1   | Reached skill level 17 in Stealth
 18371 | Lair:1   | Noticed a seven-headed hydra
 18387 | Lair:1   | Killed a seven-headed hydra
 18420 | Lair:1   | Found a frozen archway.
 18431 | IceCv    | Entered an ice cave
 18951 | Lair:1   | Reached XP level 13. HP: 36/66 MP: 26/29
 19954 | Lair:2   | Reached ****** piety under Dithmenos
 19962 | Lair:2   | Found a staircase to the Swamp.
 21462 | Lair:3   | Found a hole to the Spider Nest.
 21773 | Lair:3   | Got a coiled glass ring
 21775 | Lair:3   | Identified the ring of Pride {rPois rC+ rN+ Dex-4} (You found it on level 3 of the Lair of Beasts)
 22908 | Lair:4   | Reached skill level 10 in Short Blades
 23044 | Lair:4   | Found a dark tunnel.
 23064 | Lair:4   | Noticed Urug
 23127 | Lair:4   | Killed Urug
 23127 | Lair:4   | Reached skill level 18 in Stealth
 23193 | Lair:4   | Reached XP level 14. HP: 45/72 MP: 2/31
 23390 | Volcano  | Entered a volcano
 23424 | Volcano  | Noticed a stone giant
 23429 | Volcano  | Killed a stone giant
 24772 | Lair:5   | Noticed an acid blob
 24781 | Lair:5   | Killed an acid blob
 25301 | Lair:5   | Found a staircase to the Slime Pits.
 25667 | Lair:6   | Entered Level 6 of the Lair of Beasts
 26851 | Lair:6   | Found a hide-covered altar of Uskayaw.
 27340 | Lair:6   | Reached skill level 19 in Stealth
 28162 | Orc:1    | Reached XP level 15. HP: 78/78 MP: 33/33
 28307 | Orc:2    | Entered Level 2 of the Orcish Mines
 28312 | Orc:2    | Noticed an orc warlord
 28327 | Orc:2    | Killed an orc warlord
 28571 | Orc:2    | Noticed Manul's ghost (journeyman SpAK)
 28793 | Orc:2    | Killed Manul's ghost
 29069 | Orc:2    | Found a staircase to the Elven Halls.
 30362 | Orc:2    | Reached skill level 15 in Dodging
 30981 | Orc:1    | Found a burning altar of Makhleb.
 31581 | Orc:2    | Found Tillewk's Gadget Emporium.
 31581 | Orc:2    | Found Tiaty's Jewellery Shop.
 31590 | Orc:2    | Found Meerph's Magic Scroll Emporium.
 31590 | Orc:2    | Found Jebou's Distillery.
 31606 | Orc:2    | Bought a +5 ring of evasion for 605 gold pieces
 31606 | Orc:2    | Bought an uncursed amulet of magic regeneration for 330 gold pieces
 31617 | Orc:2    | Bought a scroll of identify for 20 gold pieces
 31617 | Orc:2    | Bought a scroll of identify for 20 gold pieces
 31617 | Orc:2    | Bought a scroll of teleportation for 30 gold pieces
 31617 | Orc:2    | Bought a scroll of recharging for 95 gold pieces
 31617 | Orc:2    | Bought a scroll of identify for 20 gold pieces
 31617 | Orc:2    | Bought a scroll of identify for 20 gold pieces
 31617 | Orc:2    | Bought a scroll of enchant armour for 75 gold pieces
 31620 | Orc:2    | Bought a potion of agility for 64 gold pieces
 31620 | Orc:2    | Bought a potion of curing for 48 gold pieces
 31620 | Orc:2    | Bought a potion of might for 64 gold pieces
 31620 | Orc:2    | Bought a potion of agility for 64 gold pieces
 31620 | Orc:2    | Bought a potion of haste for 160 gold pieces
 31620 | Orc:2    | Bought a potion of curing for 48 gold pieces
 31620 | Orc:2    | Bought 2 potions of heal wounds for 160 gold pieces
 31620 | Orc:2    | Bought a potion of heal wounds for 80 gold pieces
 32148 | Elf:1    | Entered Level 1 of the Elven Halls
 33950 | D:14     | Found Leisymur's Book Emporium.
 34017 | D:14     | Noticed Kirke
 34019 | D:14     | Killed Kirke
 34399 | D:14     | Learned a level 2 spell: Blink
 34640 | D:15     | Entered Level 15 of the Dungeon
 34732 | D:15     | Learned a level 4 spell: Cause Fear
 34925 | D:15     | Found a staircase to the Depths.
 34925 | D:15     | Noticed a fire giant
 34937 | D:15     | Killed a fire giant
 35115 | D:15     | Lost mutation: You are partially covered in iridescent scales. (AC +2) [potion of mutation]
 35115 | D:15     | Lost mutation: You expend magic power (3 MP) to strengthen your wands. [potion of mutation]
 35115 | D:15     | Lost mutation: You are agile. (Dex +2) [potion of mutation]
 35115 | D:15     | Gained mutation: Your mind is acute. (Int +2) [potion of mutation]
 35115 | D:15     | Gained mutation: You are resistant to hostile enchantments. (MR+) [potion of mutation]
 35115 | D:15     | Gained mutation: You evolve. [potion of mutation]
 35123 | D:15     | Noticed Manul's ghost (journeyman DsMo)
 35134 | D:15     | Killed Manul's ghost
 35134 | D:15     | Reached skill level 20 in Stealth
 35412 | Depths:1 | Entered Level 1 of the Depths
 35412 | Depths:1 | Noticed Sojobo
 35412 | Depths:1 | Noticed a tengu reaver
 35412 | Depths:1 | Noticed a tengu reaver
 35413 | Depths:1 | Killed Sojobo
 35413 | Depths:1 | Reached XP level 16. HP: 85/85 MP: 35/35
 35414 | Depths:1 | Killed a tengu reaver
 35416 | Depths:1 | Killed a tengu reaver
 35445 | Depths:1 | Found a portal to a secret trove of treasure.
 35490 | Depths:1 | Found a flickering gateway to a bazaar.
 35499 | Bazaar   | Entered a bazaar
 35531 | Bazaar   | Found Tyluafia's Antique Armour Boutique.
 35566 | Bazaar   | Found Kazihatu's Antique Weapon Boutique.
 35599 | Bazaar   | Found Bokk's Weapon Emporium.
 35666 | Bazaar   | Found Ytaciotont's Antique Armour Shoppe.
 35706 | Bazaar   | Found Meh Ifew's Food Emporium.
 36105 | Depths:1 | Gained mutation: Your muscles are strong. (Str +2) [evolution]
 36138 | Depths:1 | Found a one-way gate leading to the halls of Pandemonium.
 36191 | D:15     | Upgraded the game from 0.21-a0-163-g3aa3f5d to 0.21-a0-164-g4aaa757
 36234 | D:14     | Bought a book of Battle for 560 gold pieces
 36238 | D:14     | Learned a level 3 spell: Spectral Weapon
 36797 | Spider:1 | Entered Level 1 of the Spider Nest
 36838 | Spider:1 | Reached skill level 10 in Fighting
 39196 | Spider:3 | Reached skill level 15 in Hexes
 40053 | Swamp:1  | Entered Level 1 of the Swamp
 40118 | Swamp:1  | Noticed WhatIsLove's ghost (journeyman DEFE)
 40155 | Swamp:1  | Killed WhatIsLove's ghost
 40827 | Swamp:1  | Noticed a thorn hunter
 41321 | Swamp:1  | Gained mutation: Your mind is very acute. (Int +4) [evolution]
 41484 | Swamp:1  | Killed a thorn hunter
 41805 | Swamp:2  | Reached skill level 15 in Spellcasting
 42214 | Swamp:2  | Reached XP level 17. HP: 67/90 MP: 34/37
 43184 | Swamp:3  | Reached skill level 21 in Stealth
 44029 | Spider:4 | Entered Level 4 of the Spider Nest
 45045 | Spider:4 | Gained mutation: You are partially covered in large bone plates. (SH +4) [evolution]
 46027 | Spider:4 | Got a gossamer rune of Zot
 47114 | Swamp:3  | Got a wavering bone amulet
 47147 | Swamp:3  | Identified the amulet of Umpusub {+Rage rC+ Int+3} (You took it off a spriggan on level 3 of the Swamp)
 47842 | Swamp:4  | Entered Level 4 of the Swamp
 48056 | D:6      | Bought a book of Enchantments for 650 gold pieces
 48062 | D:6      | Learned a level 5 spell: Silence
 48071 | D:6      | Learned a level 8 spell: Discord
 48078 | D:6      | Learned a level 6 spell: Deflect Missiles
 48339 | Swamp:3  | Reached skill level 1 in Charms
 48851 | Swamp:4  | Reached skill level 1 in Air Magic
 48951 | Swamp:4  | Reached XP level 18. HP: 96/96 MP: 36/38
 49914 | Swamp:4  | Got a decaying rune of Zot
 49960 | Swamp:4  | Reached skill level 22 in Stealth
 50667 | Vaults:1 | Entered Level 1 of the Vaults
 50880 | Vaults:1 | Learned a level 4 spell: Summon Ice Beast
 51287 | Vaults:1 | Noticed Nikola
 51314 | Vaults:1 | Killed Nikola
 51350 | Vaults:1 | Reached skill level 5 in Charms
 51607 | Vaults:1 | Reached skill level 1 in Evocations
 51723 | Vaults:1 | Found Gehuon's Antique Armour Shoppe.
 51871 | Vaults:1 | Reached skill level 5 in Evocations
 54368 | Vaults:2 | Reached XP level 19. HP: 40/101 MP: 37/40
 54601 | Vaults:2 | Noticed Aizul
 54618 | Vaults:2 | Killed Aizul
 54703 | Vaults:2 | Lost mutation: You evolve. [end of evolution]
 54993 | Vaults:2 | Found a staircase to the Crypt.
 55027 | Vaults:2 | Noticed a lich
 55052 | Vaults:2 | Killed a lich
 56436 | Vaults:2 | Slain by a vault warden

Vault maps used:
D:1:      dpeg_arrival_three_smaller_balls, nemelex_xobeh_ov_fountains_minmay
D:2:      minmay_misc_feat_hallway
D:3:      kennysheep_generic_room_12, uniq_terence
D:4:      tgw_trog, uniq_eustachio
D:5:      minmay_temple_entry_overgrown, first_bread, wad_floor_pattern_2
D:6:      minitemple, enter_ossuary_5, serial_shops, shop,
          palyth_stone_intersect
D:7:      the_bakery
D:8:      kennysheep_little_box, uniq_gastronok
D:9:      grunt_temple_overflow_open, overflow_temple_1_default,
          uniq_prince_ribbit1
D:10:     david_lair_shrubbed
D:12:     orc_0_dummy, serial_shops, shop
D:13:     david_vaults_5
D:14:     serial_shops, kennysheep_mini, hangedman_abyss_or_decor_clamps,
          minmay_door_square, uniq_kirke
D:15:     grunt_enter_depths_giant_problem, minmay_misc_feat_five,
          corexii_hall_statues_deadend
Temple:   compressed_dpeg_circular_temple
Lair:1:   portal_ice_cave_demonic_guard, special_room
Lair:2:   minmay_swamp_entry_reptiles, grunt_megastairs_5
Lair:3:   spider_nest_entry_rubble, hibernation_bobbens, lemuel_fruit_fields,
          grunt_megastairs_1
Lair:4:   nicolae_volcano_entry_lava_flow, cheibrodos_lair_lostbears,
          lemuel_fruit_tree, serial_bayou_shore_b, uniq_urug
Lair:5:   dpeg_slime_entry_corner
Lair:6:   grunt_lair_end_beastmaster, basic_altar, serial_bayou_lagoon_b
Swamp:1:  evilmike_swamp_ruin_house_6, lightli_tree_ring
Swamp:2:  serial_swamp_ruin, evilmike_swamp_ruin_house_1,
          evilmike_swamp_ruin_wall, evilmike_swamp_ruin_rubble_1,
          infiniplex_staircase_pool
Swamp:3:  hangedman_swamp_ruin_wall
Swamp:4:  swamp_alternative, swamp_pool2
Spider:2: spider_trap
Spider:4: grunt_spider_rune_circles, guppyfry_spider_mini_1
Orc:1:    basic_altar, mines2_lemuel
Orc:2:    grunt_orc_tribal_feast
Elf:1:    hangedman_elven_crosses_minicolossus, roderic_lattice_octagonal_star,
          uniq_agnes
Vaults:1: v_misc_15, v_alt_pattern_2, hangedman_vaults_hat, v_alt_pattern_4,
          grunt_vaults_hallway_short, nicolae_vaults_network_square, v_misc_15,
          st_more_cells, nicolae_vaults_little_ls, vaults_standard_mumra_x,
          ontoclasm_vaults_ring_small, nicolae_vaults_little_squares_2,
          nicolae_vaults_yaktaur_gun_rack, serial_shops, shop_fountains,
          uniq_nikola
Vaults:2: minmay_crypt_entry_simple_sparse, st_greater_box_1,
          hangedman_vaults_unwind, v_misc_25, vaults_standard_mumra_lines,
          hangedman_vaults_cutoff, v_rooms_5, nicolae_vaults_bisected_slash,
          hangedman_vaults_maws, v_alt_pattern_5,
          nicolae_vaults_little_squares_2, uniq_aizul
Depths:1: enter_ziggurat_c, rand_demon_pan_entry_5, serial_bayou_ford_a,
          nicolae_trove_entry_diagonal, pf_coc_iceberg, serial_shops,
          bzr_entry_lakeside, minmay_hidden_floor, uniq_sojobo
Bazaar:   bazaar_jpeg_circle_rare_5
Ossuary:  ossuary_minmay_scorpions
IceCv:    ice_cave_caverns_02
Volcano:  volcano_pools

Skill      XL: |  1  2  3  4  5  6  7  8  9 10 11 12 13 14 15 16 17 18 19 |
---------------+----------------------------------------------------------+-----
Spellcasting   | 3 4 5 6 7 8 10 11 12 13 14 15 16 | 16.9
Hexes          | 4 6 8 9 10 11 12 13 14 15 16 17 | 17.1
Stealth        | 8 11 13 14 15 16 17 18 19 20 21 22 | 22.8
Fighting       | 1 3 4 5 6 7 8 9 10 11 12 | 12.2
Short Blades   | 2 5 7 8 10 11 12 13 14 | 14.0
Dodging        | 4 7 8 10 11 13 14 15 16 17 18 19 | 19.1
Charms         | 2 6 9 |  9.0
Air Magic      | 1 3 |  3.0
Evocations     | 8 |  8.0

Action                   |  1- 3 |  4- 6 |  7- 9 | 10-12 | 13-15 | 16-18 | 19-21 || total
-------------------------+-------+-------+-------+-------+-------+-------+-------++-------
Melee: Dagger            |    93 |   175 |   404 |   541 |  1345 |  1423 |   272 ||  4253
 Cast: Corona            |     3 |       |       |       |       |       |       ||     3
       Ensorcelled Hiber |     4 |    14 |    13 |    24 |   125 |   138 |     5 ||   323
       Confuse           |       |    12 |    13 |    33 |    99 |   193 |    39 ||   389
       Dazzling Spray    |       |     1 |    23 |     9 |    72 |    93 |     7 ||   205
       Tukima's Dance    |       |       |     1 |       |     4 |    15 |       ||    20
       Spectral Weapon   |       |       |       |       |       |     5 |     2 ||     7
       Discord           |       |       |       |       |       |     3 |     1 ||     4
       Deflect Missiles  |       |       |       |       |       |     1 |       ||     1
       Summon Ice Beast  |       |       |       |       |       |       |     1 ||     1
       Silence           |       |       |       |       |       |       |     1 ||     1
Invok: Shadow Step       |       |       |       |       |     5 |     7 |     1 ||    13
 Abil: Evoke Invisibilit |       |       |       |       |       |     5 |     7 ||    12
       Evoke Berserk Rag |       |       |       |       |       |     1 |       ||     1
Evoke: Wand              |       |       |       |     4 |     2 |     7 |       ||    13
       Phantom mirror    |       |       |       |     1 |       |       |       ||     1
  Use: Scroll            |     9 |     5 |    13 |    11 |    11 |    15 |       ||    64
       Potion            |     1 |     1 |     5 |     1 |     5 |    20 |     2 ||    35
 Stab: Sleeping          |    21 |    19 |    56 |   102 |   172 |   165 |    22 ||   557
       Distracted        |     1 |     1 |       |     6 |    18 |     4 |       ||    30
       Confused          |       |    10 |     4 |    13 |    45 |   113 |    19 ||   204
       Invisible         |       |       |     5 |     3 |    28 |    35 |    50 ||   121
  Eat: Royal jelly       |       |     1 |     1 |     1 |       |     2 |     3 ||     8
       Bread ration      |       |       |     1 |     1 |       |       |       ||     2
       Fruit             |       |       |       |     3 |    16 |    19 |       ||    38
Armor: Robe              |     5 |    21 |    62 |    34 |    86 |    74 |    13 ||   295
Dodge: Dodged            |    56 |   124 |   247 |   328 |  1149 |  1222 |   201 ||  3327
       Deflected         |       |       |       |       |       |     2 |     4 ||     6
Block: Other             |       |       |    43 |    56 |   151 |   188 |    18 ||   456
       Reflection        |       |       |       |     1 |     3 |     1 |       ||     5
